 Dungeon Crawl Stone Soup version 0.31-a0-986-g5e6e4ef867 (webtiles) character file.

Game seed: 16037314642926059423

79 Lobster4 the Digger (level 4, 0/25 HPs)
             Began as a Gargoyle Earth Elementalist on Nov 12, 2023.
             Slain by a hobgoblin (3 damage)
             ... on level 3 of the Dungeon.
             The game lasted 00:04:37 (2141 turns).

Lobster4 the Digger (Gargoyle Earth Elementalist)   Turns: 2141, Time: 00:04:38

Health: 0/25       AC:  5    Str: 12    XL:     4   Next: 38%
Magic:  2/7        EV: 12    Int: 17    God:
Gold:   180        SH:  0    Dex: 10    Spells: 1/7 levels left

rFire   + . .        f - +0 dagger
rCold   + . .        g - orb {*Rage}
rNeg    + + .        a - +0 robe
rPois   ∞            (no helmet)
rElec   +            (no cloak)
rCorr   +            (no gloves)
SInv    .            (no boots)
Will    +....        (no amulet)
Stlth   ++           h - ring of positive energy
HPRegen 0.24/turn    (no ring)
MPRegen 0.10/turn

%: random rage (20%)
@: resistant, enlightened, flying
A: sickness immunity, AC +3, negative energy resistance 1, electricity
resistance, torment resistance 1, petrification resistance
a: no special abilities


You were on level 3 of the Dungeon.
You visited 1 branch of the dungeon, and saw 3 of its levels.

You collected 180 gold pieces.

Inventory:

Hand Weapons
 f - a +0 dagger (weapon)
 k - a +0 spear
Missiles
 d - 21 stones
 i - 4 poisoned darts
Armour
 a - a +0 robe (worn)
 g - an orb of wrath (worn)
Jewellery
 h - a ring of positive energy (left hand)
Scrolls
 c - a scroll of identify {unknown}
 j - a scroll of silence {unknown}
 l - a scroll of teleportation {unknown}
 m - a scroll of fear {unknown}
 n - a scroll of fog {unknown}
 o - a scroll of vulnerability {unknown}
 q - a scroll of amnesia {unknown}
Potions
 b - a potion of magic


   Skills:
 + Level 1.3 Fighting
 + Level 1.2 Armour
 + Level 2.0 Dodging
 - Level 2.1 Stealth
 + Level 2.3 Spellcasting
 * Level 1.1 Conjurations
 - Level 1.0 Transmutations
 * Level 4.5 Earth Magic


You had one spell level left.
You knew the following spells:

 Your Spells              Type           Power      Damage    Failure   Level
a - Sandblast             Erth           34%        2d9       3%          1
b - Passwall              Tmut/Erth      9%         N/A       10%         2
c - Stone Arrow           Conj/Erth      22%        3d8       19%         3

Your spell library contained the following spells:

 Spells                   Type           Power      Damage    Failure   Level
 Brom's Barrelling Bould  Conj/Erth      11%        2d3       52%         4
 Petrify                  Tmut/Erth      11%        N/A       52%         4


Dungeon Overview and Level Annotations

Branches:
Dungeon (3/15)

Altars:
Sif Muna


Innate Abilities, Weirdness & Mutations

You are immune to sickness and miasma.
Your stone body is resilient. (AC +3)
You are immune to poison.
You resist negative energy. (rN+)
You are resistant to electric shocks. (rElec)
You are resistant to unholy torment.
You are immune to petrification.


Message History

The blast of sand hits the ufetubus.
The ufetubus is severely wounded.
The ufetubus closely misses you. The ufetubus hits you.
The ufetubus barely misses you. x2; The ufetubus closely misses you.
The ufetubus hits you but does no damage.
The ufetubus barely misses you.
The ufetubus hits you but does no damage.
The ufetubus barely misses you. The ufetubus hits you.
* * * LOW HITPOINT WARNING * * *
Casting: Sandblast (safe; 3% risk of failure)
Confirm with . or Enter, or press ? or * to list all spells.
Aiming: Sandblast (safe; 3% risk of failure)
Press: ? - help, Shift-Dir - straight line, f/p - ufetubus
Aim: an ufetubus (severely wounded, 70% to hit)
The blast of sand hits the ufetubus!
You kill the ufetubus!
The ufetubus hits you.
* * * LOW HITPOINT WARNING * * *
The ufetubus hits you but does no damage.
The ufetubus completely misses you. The ufetubus hits you.
* * * LOW HITPOINT WARNING * * *
It was a potion of enlightenment.
You feel very buoyant.
You fly up into the air.
The ufetubus barely misses you. The ufetubus closely misses you.
The hobgoblin closely misses you.
It was a potion of resistance.
You feel protected.
The ufetubus barely misses you. x2; The hobgoblin barely misses you.
The ufetubus hits you but does no damage.
The ufetubus hits you.
* * * LOW HITPOINT WARNING * * *
Casting: Sandblast (safe; 3% risk of failure)
Confirm with . or Enter, or press ? or * to list all spells.
Aiming: Sandblast (safe; 3% risk of failure)
Press: ? - help, Shift-Dir - straight line, f - ufetubus
Aim: an ufetubus (70% to hit)
The blast of sand hits the ufetubus!
You kill the ufetubus!
The hobgoblin hits you.
You die...

#...#
#o##...........
#..##
##l##..........
####..##
#..##.......
#......#
#..?........
#.######
#.5........#
#.#
#..........#
#..
#.####......
#..
#o####......
#..≈ #olg@.=#.
#..≈ #.######
#...≈ ###


You could see 2 orcs, a hobgoblin and a frilled lizard.

Vanquished Creatures
  4 adders (D:2)
  2 ufetubi (D:3)
  A worm (D:2)
  5 ball pythons
  5 bats
  2 giant cockroaches (D:2)
  3 goblins (D:1)
  6 hobgoblins
  3 kobolds
  2 quokkas
  3 rats
36 creatures vanquished.

Notes
Turn   | Place    | Note
-------+----------+-------------------------------------------
     0 | D:1      | Lobster4 the Gargoyle Earth Elementalist began the quest
                  | for the Orb.
     0 | D:1      | Reached XP level 1. HP: 10/10 MP: 3/3
   357 | D:1      | Reached XP level 2. HP: 16/16 MP: 3/5
   360 | D:1      | Learned a level 2 spell: Passwall
   505 | D:1      | Reached skill level 1 in Transmutations
   818 | D:1      | Reached skill level 4 in Earth Magic
  1028 | D:2      | Reached skill level 1 in Fighting
  1223 | D:2      | Reached XP level 3. HP: 20/20 MP: 1/6
  1227 | D:2      | Learned a level 3 spell: Stone Arrow
  1282 | D:2      | Found a shimmering blue altar of Sif Muna.
  1386 | D:2      | Reached skill level 1 in Armour
  1679 | D:2      | Reached XP level 4. HP: 25/25 MP: 5/7
  1759 | D:2      | Reached skill level 1 in Conjurations
  2141 | D:3      | Slain by a hobgoblin

Illustrated notes

Levels and vault maps discovered:
D:1:      amcnicky_arrival_feature_with_door, layout_loops_ring
D:2:      minmay_spotlight, layout_basic, basic_altar, kennysheep_generic_room_6
D:3:      layout_rooms, vehumet_crystals, serial_shops, nicolae_diamond_shop,
          nicolae_lakefront_shop, nicolae_shop_advertising_works
          [nicolae_subvault_shop_adworks], chequers_serial_rivers_large_a

Skill      XL: |  1  2  3  4 |
---------------+-------------+-----
Transmutations | 1 |  1.0
Earth Magic    | 4 |  4.5
Fighting       | 1 |  1.3
Armour         | 1 |  1.2
Dodging        | 2 |  2.0
Conjurations   | 1 |  1.1
Stealth        | |  2.1
Spellcasting   | |  2.3

Action                     |  1- 3 |  4- 6 || total
---------------------------+-------+-------++-------
  Melee: Dagger            |     3 |     1 ||     4
   Cast: Sandblast         |    44 |     9 ||    53
    Use: Potion            |       |     2 ||     2
 Armour: Robe              |     3 |    16 ||    19
  Dodge: Dodged            |     7 |    32 ||    39

Table legend: (Time is in decaauts)
 A = Elapsed time spent in this place.
 B = Non-inter-level travel time spent in this place.
 C = Inter-level travel time spent in this place.
 D = Time resting spent in this place.
 E = Time spent auto-exploring this place.
 F = Levels seen in this place.
 G = Mean time per level.
                   A        B        C        D        E       F      G
               +--------+--------+--------+--------+--------+-----+--------+
         Total |   2166 |   2075 |     91 |     17 |   1698 |   3 |  722.0 |
       Dungeon |   2166 |   2075 |     91 |     17 |   1698 |   3 |  722.0 |
               +--------+--------+--------+--------+--------+-----+--------+

Top non-repeatable levels by time:
     D:2: 1169 daAuts
     D:1: 950 daAuts
     D:3: 46 daAuts
